 Dungeon Crawl Stone Soup version 0.21.1-1-g345015f (webtiles) character file.

42 wilfster70 the Cutter (level 3, -5/24 HPs)
             Began as a Halfling Warper on June 11, 2018.
             Slain by a gnoll
             ... wielding a +0 flail
              (7 damage)
             ... on level 2 of the Dungeon.
             The game lasted 00:05:06 (1189 turns).

wilfster70 the Cutter (Halfling Warper)             Turns: 1189, Time: 00:05:07

Health: -5/24      AC:  3    Str: 13    XL:     3   Next: 77%
Magic:  5/5        EV: 15    Int: 11    God:
Gold:   33         SH:  0    Dex: 13    Spells: 1/5 levels left

rFire    . . .     SeeInvis .   a - +0 short sword
rCold    . . .     Gourm    .   (shield restricted)
rNeg     . . .     Faith    .   b - +0 leather armour
rPois    .         Spirit   .   (no helmet)
rElec    .         Reflect  .   (no cloak)
rCorr    .         Harm     .   (no gloves)
MR       .....                  (no boots)
Stlth    +.........             (no amulet)
HPRegen  0.08/turn              (no ring)
MPRegen  0.09/turn              (no ring)

@: no status effects
A: small, mutation resistance 1
a: no special abilities


You were on level 2 of the Dungeon.
You were not hungry.

You visited 1 branch of the dungeon, and saw 2 of its levels.

You collected 33 gold pieces.

Inventory:

Hand Weapons
 a - a +0 short sword (weapon)
Missiles
 e - 5 tomahawks of dispersal (quivered)
 h - 16 stones
Armour
 b - a +0 leather armour (worn)
Scrolls
 d - a scroll of blinking
 i - 3 scrolls of identify {unknown}
 j - a scroll of fog {unknown}
 k - a scroll of remove curse {unknown}
Potions
 l - a potion of lignification {unknown}
 m - 2 potions of brilliance {unknown}
Books
 c - a book of Spatial Translocations

   Spells                             Type                      Level
   a - Blink                          Translocation                2
   b - Shroud of Golubria             Charms/Translocation         2
   c - Lesser Beckoning               Translocation                3
   d - Gell's Gravitas                Translocation                3
   e - Teleport Other                 Translocation                3
   f - Passage of Golubria            Translocation                4
Comestibles
 f - a ration
 g - a chunk of flesh


   Skills:
 - Level 1.7 Fighting
 + Level 3.7 Short Blades
 - Level 1.0 Throwing
 - Level 1.1 Armour
 + Level 3.3 Dodging
 - Level 1.5 Spellcasting
 - Level 3.2 Translocations


You had one spell level left.
You knew the following spells:

 Your Spells              Type           Power        Failure   Level  Hunger
a - Blink                 Tloc           N/A          16%         2    ###....
b - Shroud of Golubria    Chrm/Tloc      #.........   30%         2    ###....


Dungeon Overview and Level Annotations

Branches:
Dungeon (2/15)

Altars:


Innate Abilities, Weirdness & Mutations

You are small and have problems with some larger weapons.
You are somewhat resistant to further mutation.


Message History

The ooze is heavily wounded.
The ooze barely misses you. The gnoll closely misses you.
You hit the ooze.
The ooze is severely wounded.
The ooze hits you.
* * * LOW HITPOINT WARNING * * *
The gnoll hits you with a flail.
* * * LOW HITPOINT WARNING * * *
You hit the ooze.
The ooze is severely wounded.
The ooze barely misses you.
You hit the ooze but do no damage.
The ooze is severely wounded.
The gnoll hits you with a flail.
* * * LOW HITPOINT WARNING * * *
The ooze barely misses you.
You hit the ooze.
You kill the ooze!
The gnoll hits you with a flail!
You die...

#### g..# ##.#
##.##################### ######
.....).........g@....... ....
.#.##################### #..#
.#.# #..# .#.# ####..##
.#.####### ######......##
......<... ..............
(#.######################(.#.#.#.
.#...........................#..<
##############################..#


You could see a gnoll.

Vanquished Creatures
  A gnoll (D:2)
  An ooze (D:2)
  A dart slug (D:2)
  A giant cockroach (D:1)
  3 hobgoblins (D:1)
  A quokka (D:2)
  7 bats
  3 frilled lizards (D:1)
  3 goblins (D:1)
  2 kobolds (D:1)
  5 rats
28 creatures vanquished.

Notes
Turn   | Place    | Note
-------+----------+-------------------------------------------
     0 | D:1      | wilfster70 the Halfling Warper began the quest for the Orb.
     0 | D:1      | Reached XP level 1. HP: 14/14 MP: 3/3
   239 | D:1      | Reached XP level 2. HP: 19/19 MP: 4/4
   243 | D:1      | Learned a level 2 spell: Blink
   246 | D:1      | Learned a level 2 spell: Shroud of Golubria
   794 | D:1      | Reached XP level 3. HP: 24/24 MP: 5/5
  1189 | D:2      | Slain by a gnoll

Skill      XL: |  1  2 |
---------------+-------+-----
Short Blades   | 3 |  3.7
Dodging        | 3 |  3.3
Fighting       | |  1.7
Throwing       | |  1.0
Armour         | |  1.1
Spellcasting   | |  1.5
Translocations | |  3.2

Action                   || total
-------------------------++-------
Melee: Short sword       ||   108
  Eat: Chunk             ||     1
Armor: Leather armour    ||    30
Dodge: Dodged            ||    98
